 Dungeon Crawl Stone Soup version 0.20-a0-540-ge6d1839 (webtiles) character file.

13949 Atlas the Spear-Bearer (level 11, -1/89 HPs)
             Began as a Demonspawn Gladiator on Jan 30, 2017.
             Was the Champion of Okawaru.
             Slain by Urug
             ... wielding a +3 broad axe
              (9 damage)
             ... on level 12 of the Dungeon.
             The game lasted 00:30:51 (12014 turns).

Atlas the Spear-Bearer (Demonspawn Gladiator)      Turns: 12014, Time: 00:30:51

Health: -1/89      AC: 13    Str: 20    XL:     11   Next: 82%
Magic:  8/8        EV: 11    Int:  9    God:    Okawaru [******]
Gold:   259        SH:  0    Dex: 15    Spells: 10/10 levels left

rFire    + . .     SeeInvis .   i - +4 bardiche (flame)
rCold    . . .     Gourm    .   z - +0 chain mail
rNeg     . . .     Faith    .   (shield currently unavailable)
rPois    .         Spirit   .   y - +0 helmet
rElec    .         Reflect  .   M - +2 cloak {+Inv}
rCorr    +         Harm     .   (no gloves)
MR       .....                  (boots unavailable)
Stlth    ..........             w - amulet of magic regeneration
Regen    0.3/turn               O - ring of resist corrosion
                                I - +4 ring of strength

@: no status effects
A: talons 3, icy blue scales 2, blink, blurry vision 1, clumsy 1, deformed body,
fire resistance 1, low mp 2, spiny 1, no potion heal 1, rot immunity
a: Blink, Heroism, Finesse, Renounce Religion, Evoke Invisibility


You were on level 12 of the Dungeon.
You worshipped Okawaru.
Okawaru was exalted by your worship.
You were not hungry.

You visited 1 branch of the dungeon, and saw 12 of its levels.

You collected 819 gold pieces.
You spent 560 gold pieces at shops.

Inventory:

Hand Weapons
 i - a +4 bardiche of flaming (weapon)
Missiles
 d - 7 throwing nets (quivered)
Armour
 e - the +3 leather armour of the Villain {MR+ Regen+}
   (You found it on level 5 of the Dungeon)

   It affects your resistance to hostile enchantments.
   It increases your rate of regeneration.
 y - a +0 helmet (worn)
 z - a +0 chain mail (worn)
 M - a +2 cloak of invisibility (worn)
Jewellery
 w - an amulet of magic regeneration (around neck)
 G - an uncursed ring of wizardry
 I - a +4 ring of strength (left hand)
 O - a ring of resist corrosion (right hand)
Wands
 a - a wand of confusion (20/48)
 B - a wand of confusion (19/48)
 H - a wand of flame (23/48)
 J - a wand of polymorph (18/24)
 L - a wand of scattershot (6/9)
Scrolls
 b - 8 scrolls of remove curse
 g - 2 scrolls of recharging
 k - 7 scrolls of amnesia
 n - 2 scrolls of identify
 p - a scroll of blinking {unknown}
 q - 5 scrolls of fear
 r - 3 scrolls of teleportation
 A - a scroll of magic mapping {unknown}
 E - 3 scrolls of enchant armour {unknown}
 F - 3 scrolls of enchant weapon {unknown}
 N - a scroll of silence {unknown}
 P - a scroll of noise {unknown}
Potions
 h - 4 potions of curing
 l - 5 potions of haste
 m - a potion of degeneration
 o - a potion of agility
 s - 2 potions of lignification
 v - a potion of invisibility
 C - 2 potions of berserk rage
 D - a potion of might
Books
 t - a book of Minor Magic

   Spells                             Type                      Level
   a - Magic Dart                     Conjuration                  1
   b - Blink                          Translocation                2
   c - Call Imp                       Summoning                    2
   d - Repel Missiles                 Charms/Air                   2
   e - Slow                           Hexes                        2
   f - Conjure Flame                  Conjuration/Fire             3
   g - Mephitic Cloud                 Conjuration/Poison/Air       3
 K - a book of Clouds

   Spells                             Type                      Level
   a - Poisonous Vapours              Poison/Air                   2
   b - Mephitic Cloud                 Conjuration/Poison/Air       3
   c - Conjure Flame                  Conjuration/Fire             3
   d - Freezing Cloud                 Conjuration/Ice/Air          6
   e - Ring of Flames                 Charms/Fire                  7
Comestibles
 c - 5 chunks of flesh
 f - 6 bread rations
 j - 3 royal jellies
 u - 2 fruits
 x - 5 meat rations


   Skills:
 + Level 9.2 Fighting
 + Level 13.0 Polearms
 + Level 1.8 Throwing
 + Level 6.0 Armour
 + Level 6.4 Dodging
 - Level 1.3 Stealth


You had 10 spell levels left.
You didn't know any spells.

Dungeon Overview and Level Annotations

Branches:
Dungeon (12/15)            Temple (0/1) D:7            Lair (0/6) D:10
    Orc (0/2) D:11

Altars:
Ashenzari
Dithmenos
Elyvilon
Kikubaaqudgha
Nemelex Xobeh
Okawaru
Qazlal
Uskayaw
Xom
Yredelemnul
The Shining One

Shops:
D:7 (   D:8 !

Annotations:
D:12 Urug


Innate Abilities, Weirdness & Mutations

You have claws for feet.
You are mostly covered in icy blue scales. (AC +3)
You are partially covered in sharp spines.
You are immune to rotting.
You can translocate small distances at will.
Scrolls take you a little longer to read.
You are clumsy. (Dex -2)
Armour fits poorly on your strangely shaped body.
Your flesh is heat resistant. (rF+)
Your magical capacity is very low. (-20% MP)
Potions are less effective at restoring your health.


Message History

Something hits you. Something hits you.
Urug throws a javelin of penetration.
The javelin of penetration pierces through you!
You see here a javelin of penetration.
Okawaru accepts your kill.
Reactivating autopickup.
Your Armour skill increases to level 6!
You feel a bit more experienced.
Urug throws a javelin of penetration.
The javelin of penetration pierces through you!
Urug screams, "You are already dead."
Urug throws a javelin of penetration.
The javelin of penetration pierces through you!!
* * * LOW HITPOINT WARNING * * *
Urug throws a javelin of penetration.
The javelin of penetration pierces through you.
* * * LOW HITPOINT WARNING * * *
You see here a javelin of penetration.
Urug hits you with an enchanted broad axe!
You die...

...#####..# ..........#
#..........# #..........#
#..........# #....#####.#
..########## #....# #.#
...........######....# #.#
..........o@.(..(....# #.#
.......##'#######....# #..
.......#.... #....# #..
.......#...... #....# #..
.......#........#....# #..
.......##########....#####..
##..o.. ...............
#..... ...........#####
############


You could see Urug.

Vanquished Creatures
  2 two-headed ogres
  An unseen horror (D:12)
  2 deep elf magi
  An elephant (D:10)
  Maurice (D:9)
  Joseph (D:10)
  A troll (D:8)
  Prince Ribbit (D:9)
  8 hippogriffs
  A meliai zombie (D:12)
  A shadow (D:11)
  8 spriggans (D:11)
  7 yaks
  2 basilisks (D:10)
  2 hungry ghosts
  Eustachio (D:6)
  A swamp drake (D:9)
  A water moccasin (D:7)
  Duvessa (D:6)
  5 orc warriors
  4 sky beasts
  2 ice beasts
  4 phantoms
  2 necrophages
  An eye of draining (D:10)
  4 ogres
  5 centaurs
  3 big kobolds
  5 bullfrogs
  Dowan (D:6)
  2 scorpions
  3 wights (D:6)
  2 howler monkeys
  4 crimson imps
  A centaur zombie (D:11)
  A bullfrog zombie (D:8)
  A quasit (D:12)
  3 jellies
  Crazy Yiuf (D:6)
  5 orc priests
  A gnoll shaman (D:9)
  9 hounds
  13 orc wizards
  2 centaur skeletons
  An iron imp (D:10)
  3 iguanas
  8 worker ants
  3 hound zombies
  A hound skeleton (D:4)
  A worker ant zombie (D:6)
  8 gnolls
  10 adders
  A shadow imp (D:10)
  A white imp (D:10)
  An adder zombie (D:9)
  3 adder skeletons
  5 worms
  A dart slug (D:1)
  7 leopard geckos
  43 orcs
  7 bats
  17 giant cockroaches
  6 hobgoblins
  6 jackals
  4 quokkas
  4 ball pythons
  6 frilled lizards
  7 goblins
  14 kobolds
  2 quokka skeletons
  4 rats
301 creatures vanquished.

Vanquished Creatures (others)
  An orc (D:10)
1 creature vanquished.

Grand Total: 302 creatures vanquished

Notes
Turn   | Place    | Note
-------+----------+-------------------------------------------
     0 | D:1      | Atlas the Demonspawn Gladiator began the quest for the Orb.
     0 | D:1      | Reached XP level 1. HP: 16/16 MP: 1/1
     4 | D:1      | Noticed a merfolk zombie
    17 | D:1      | Noticed a minotaur zombie
    21 | D:1      | Noticed a merfolk zombie
   150 | D:1      | Reached skill level 3 in Polearms
   176 | D:1      | Gained mutation: You have sharp toenails. [demonic ancestry]
   176 | D:1      | Reached XP level 2. HP: 22/22 MP: 2/2
   873 | D:2      | Found a stormy altar of Qazlal.
   876 | D:2      | Noticed a fire elemental
   877 | D:2      | Noticed an earth elemental
   877 | D:2      | Noticed an air elemental
   877 | D:2      | Noticed a water elemental
   956 | D:2      | Found an iron altar of Okawaru.
   979 | D:2      | Became a worshipper of Warmaster Okawaru
  1029 | D:2      | Reached XP level 3. HP: 27/27 MP: 3/3
  1093 | D:2      | Found a sparkling altar of Nemelex Xobeh.
  1096 | D:2      | Found an ancient bone altar of Kikubaaqudgha.
  1099 | D:2      | Found a shadowy altar of Dithmenos.
  1384 | D:2      | Reached skill level 1 in Armour
  1587 | D:3      | Found a hide-covered altar of Uskayaw.
  1862 | D:3      | Reached XP level 4. HP: 32/34 MP: 4/4
  2301 | D:4      | Reached skill level 4 in Polearms
  2671 | D:4      | Noticed a phantom
  2718 | D:4      | Killed a phantom
  2718 | D:4      | Gained mutation: You are partially covered in icy blue scales. (AC +2) [demonic ancestry]
  2718 | D:4      | Reached XP level 5. HP: 21/40 MP: 5/5
  2965 | D:4      | Reached * piety under Okawaru
  3034 | D:4      | Gained mutation: You are weak. (Str -2) [potion of mutation]
  3034 | D:4      | Lost mutation: You are weak. (Str -2) [potion of mutation]
  3034 | D:4      | Gained mutation: Your flesh is heat resistant. (rF+) [potion of mutation]
  3035 | D:4      | Gained mutation: You are dopey. (Int -2) [potion of mutation]
  3035 | D:4      | Gained mutation: You are agile. (Dex +2) [potion of mutation]
  3035 | D:4      | Lost mutation: You are agile. (Dex +2) [potion of mutation]
  3088 | D:4      | Reached XP level 6. HP: 42/47 MP: 6/6
  3294 | D:4      | Reached skill level 5 in Polearms
  3984 | D:5      | Entered Level 5 of the Dungeon
  3995 | D:4      | Gained mutation: You have razor-sharp toenails. [demonic ancestry]
  3995 | D:4      | Reached XP level 7. HP: 22/52 MP: 7/7
  4215 | D:5      | Got a brightly glowing leather armour
  4226 | D:5      | Identified the +3 leather armour of the Villain {MR+ Regen+} (You found it on level 5 of the Dungeon)
  4570 | D:5      | Reached skill level 6 in Polearms
  4708 | D:5      | Found a white marble altar of Elyvilon.
  4780 | D:5      | Found a basalt altar of Yredelemnul.
  4915 | D:5      | Reached ** piety under Okawaru
  5127 | D:6      | Reached skill level 1 in Stealth
  5307 | D:6      | Gained mutation: You are partially covered in sharp spines. [demonic ancestry]
  5307 | D:6      | Reached XP level 8. HP: 52/61 MP: 8/8
  5381 | D:6      | Noticed Eustachio
  5416 | D:6      | Killed Eustachio
  5416 | D:6      | Reached skill level 7 in Polearms
  5480 | D:6      | Noticed Duvessa
  5480 | D:6      | Noticed Dowan
  5508 | D:6      | Killed Duvessa
  5517 | D:6      | Killed Dowan
  5517 | D:6      | Reached *** piety under Okawaru
  5697 | D:6      | Reached skill level 5 in Fighting
  5945 | D:6      | Reached skill level 8 in Polearms
  5965 | D:6      | Found a glowing golden altar of the Shining One.
  6002 | D:6      | Found a runed door.
  6149 | D:6      | Noticed Crazy Yiuf
  6153 | D:6      | Killed Crazy Yiuf
  6181 | D:7      | Noticed a hippogriff
  6192 | D:7      | Killed a hippogriff
  6192 | D:7      | Received a gift from Okawaru
  6192 | D:7      | Gained mutation: You are immune to rotting. [demonic ancestry]
  6192 | D:7      | Reached XP level 9. HP: 38/68 MP: 9/9
  6283 | D:7      | Found a staircase to the Ecumenical Temple.
  6479 | D:7      | Found Ulethrewn's Antique Weapon Emporium.
  6646 | D:7      | Reached **** piety under Okawaru
  6783 | D:7      | Reached skill level 5 in Dodging
  7049 | D:8      | Reached skill level 9 in Polearms
  7248 | D:8      | Reached ***** piety under Okawaru
  7397 | D:8      | Found Sarepsat's Distillery.
  7732 | D:9      | Noticed Prince Ribbit
  7744 | D:9      | Killed Prince Ribbit
  7744 | D:9      | Gained mutation: You are mostly covered in icy blue scales. (AC +3) [demonic ancestry]
  7744 | D:9      | Reached XP level 10. HP: 60/79 MP: 10/10
  7838 | D:8      | Reached skill level 10 in Polearms
  7936 | D:8      | Bought a potion of beneficial mutation for 560 gold pieces
  7936 | D:8      | Lost mutation: You are dopey. (Int -2) [potion of beneficial mutation]
  8036 | D:9      | Noticed a two-headed ogre
  8046 | D:9      | Killed a two-headed ogre
  8046 | D:9      | Received a gift from Okawaru
  8261 | D:9      | Noticed Maurice
  8266 | D:9      | Killed Maurice
  8277 | D:9      | Found a shattered altar of Ashenzari.
  8327 | D:9      | Found a shimmering altar of Xom.
  8479 | D:10     | Entered Level 10 of the Dungeon
  8479 | D:10     | Noticed Joseph
  8487 | D:10     | Killed Joseph
  8620 | D:10     | Found a staircase to the Lair.
  8620 | D:10     | Noticed an elephant
  8672 | D:10     | Reached skill level 11 in Polearms
  8695 | D:10     | Killed an elephant
  9167 | D:10     | Noticed a deep elf mage
  9186 | D:9      | Gained mutation: You have claws for feet. [demonic ancestry]
  9186 | D:9      | Reached XP level 11. HP: 21/86 MP: 11/11
  9480 | D:9      | Killed a deep elf mage
  9702 | D:10     | Noticed a deep elf mage
  9703 | D:10     | Killed a deep elf mage
  9877 | D:10     | Reached skill level 5 in Armour
 10173 | D:10     | Reached skill level 12 in Polearms
 10183 | D:11     | Received a gift from Okawaru
 10189 | D:11     | Reached ****** piety under Okawaru
 10262 | D:11     | Gained mutation: Your magical capacity is low. (-10% MP) [mutagenic meat]
 10263 | D:11     | Gained mutation: Scrolls take you a little longer to read. [mutagenic meat]
 10264 | D:11     | Gained mutation: Your magical capacity is very low. (-20% MP) [mutagenic meat]
 10265 | D:11     | Gained mutation: You are clumsy. (Dex -2) [mutagenic meat]
 10267 | D:11     | Gained mutation: Potions are less effective at restoring your health. [mutagenic meat]
 10359 | D:11     | Found a staircase to the Orcish Mines.
 10818 | D:11     | Noticed a two-headed ogre
 10822 | D:11     | Killed a two-headed ogre
 10939 | D:11     | Gained mutation: You are weak. (Str -2) [mutagenic meat]
 10941 | D:11     | Gained mutation: You can translocate small distances at will. [mutagenic meat]
 10942 | D:11     | Lost mutation: You are weak. (Str -2) [mutagenic meat]
 10943 | D:11     | Gained mutation: Armour fits poorly on your strangely shaped body. [mutagenic meat]
 11958 | D:12     | Reached skill level 13 in Polearms
 12000 | D:12     | Noticed Urug
 12007 | D:12     | Killed an unseen horror
 12014 | D:12     | Slain by Urug

Vault maps used:
D:1:      shiori_arrival_whats_in_store_for_you, minmay_misc_feat_columns,
          minmay_misc_feat_rugged
D:2:      minmay_roachtagon, nicolae_qazlal_style_of_elements, okawaru_trees_2,
          grunt_temple_overflow_diamond, serial_glass, glass_columns_a,
          glass_columns_b
D:3:      minmay_wonky_spiral, eat_drink_and_be_merry_uskayaw, first_bread
D:4:      minmay_diamond_boxcup, serial_park_tiny_pond, saegor_snake_ambush
D:5:      kennysheep_ying_yang
D:6:      minmay_cornered_nines, kennysheep_mini_moat, grunt_decor_arrowhead,
          corexii_corridor_pit, uniq_duvessa, uniq_crazy_yiuf_cottage,
          uniq_eustachio
D:7:      minmay_temple_entry_glass, serial_shops,
          nicolae_shop_overgrown_old_shop
D:8:      serial_shops, shop
D:9:      xom_teletrap_fun, grunt_ogre_cave, minmay_misc_feat_square,
          kennysheep_nondescript, ashenzari_altar_1, uniq_prince_ribbit1,
          uniq_maurice
D:10:     david_lair_generic, hangedman_minor_magic, uniq_joseph
D:11:     kb_forest_paths, david_orc_1_choice, grunt_ministairs_13
D:12:     lemuel_mausoleum_altar_yredelemnul, uniq_urug

Skill      XL: |  1  2  3  4  5  6  7  8  9 10 11 |
---------------+----------------------------------+-----
Polearms       | 3 4 5 6 8 9 11 13 | 13.0
Armour         | 1 2 3 4 6 |  6.0
Dodging        | 3 4 5 6 |  6.4
Fighting       | 3 4 5 7 8 9 |  9.2
Stealth        | 1 |  1.3
Throwing       | |  1.8

Action                   |  1- 3 |  4- 6 |  7- 9 | 10-12 || total
-------------------------+-------+-------+-------+-------++-------
Melee: Trident           |   166 |   182 |   426 |    32 ||   806
       Kick              |    19 |    45 |   126 |    70 ||   260
       Bardiche          |       |       |       |   271 ||   271
Evoke: Wand              |       |       |     1 |       ||     1
  Use: Scroll            |     1 |    10 |       |     4 ||    15
       Potion            |       |     3 |     3 |     7 ||    13
 Stab: Sleeping          |       |       |     7 |     2 ||     9
       Distracted        |       |       |     2 |     1 ||     3
  Eat: Chunk             |     2 |     7 |     9 |    25 ||    43
       Fruit             |       |     1 |       |     1 ||     2
       Royal jelly       |       |       |     2 |       ||     2
       Meat ration       |       |       |       |     1 ||     1
Armor: Scale mail        |    81 |    26 |       |       ||   107
       Chain mail        |       |    24 |       |    99 ||   123
       Steam dragon scal |       |    27 |     2 |       ||    29
       Leather armour    |       |       |   104 |    23 ||   127
Dodge: Dodged            |    79 |    76 |   218 |   175 ||   548
